[ PARTIDA AOE2 · #477936475 ]
UnrankedPolacos vs Persians
[ ANÁLISIS DE REPETICIÓN · EXTRAÍDO DE LA PARTIDA GRABADA ]
Feudal
12:17
Castillos
17:20
Imperial
—
| APM promedio | 32.6 |
| APM pico | 62 |
| eAPM promedio | 16.6 |
| Aldeanos / militares | 68 / 19 |
Foco
⚔️ 13.8% · 🌾 86.2%
Knight ×15 · Mangonel ×2 · Scorpion ×2
Feudal
15:03
Castillos
25:27
Imperial
—
| APM promedio | 19.2 |
| APM pico | 49 |
| eAPM promedio | 8.1 |
| Aldeanos / militares | 40 / 8 |
Foco
⚔️ 13.2% · 🌾 86.8%
Camel Scout ×6 · Scout Cavalry ×2
Feudal
12:39
Castillos
24:41
Imperial
—
| APM promedio | 37.4 |
| APM pico | 98 |
| eAPM promedio | 12.6 |
| Aldeanos / militares | 49 / 33 |
Foco
⚔️ 35.3% · 🌾 64.7%
Cavalry Archer ×17 · Scout Cavalry ×12 · Spearman ×4
Feudal
13:04
Castillos
—
Imperial
—
| APM promedio | 22.8 |
| APM pico | 58 |
| eAPM promedio | 10.4 |
| Aldeanos / militares | 41 / 23 |
Foco
⚔️ 20.1% · 🌾 79.9%
Scout Cavalry ×12 · Spearman ×6 · Skirmisher ×5
Mapa de la partida
Recursos iniciales + cada clic de construcción. Líneas = muros · curvas = relieve. ◆ oro · ⬟ piedra · ● bayas · ✦ reliquia · ◌ hueco del cierre
Tu base· Abierta — hueco de 14t
Base de CH1ll3n· Abierta — flanco sin cerrar
Base de MRathS· Abierta — flanco sin cerrar
Base de francorigano2222· Abierta — hueco de 10t
Terreno inicial suavizado · ◌ = hueco del cierre detectado · pasá el cursor para detalles
Inputs por minuto
— Vlad_Dracula - - CH1ll3n
Build order — Vlad_Dracula
125 acciones detectadas en el replay
| 0:14 | Construir | Town Center |
| 0:23 | Construir | House |
| 2:32 | Crear | Villager (Male) |
| 2:33 | Crear | Villager (Male) |
| 2:33 | Crear | Villager (Male) |
| 2:33 | Crear | Villager (Male) |
| 3:27 | Crear | Villager (Male) |
| 4:09 | Crear | Villager (Male) |
| 4:15 | Construir | House |
| 4:32 | Crear | Villager (Male) |
| 4:58 | Crear | Villager (Male) |
| 4:59 | Crear | Villager (Male) |
| 5:38 | Construir | House |
| 5:52 | Construir | Lumber Camp |
| 5:54 | Crear | Villager (Male) |
| 6:21 | Crear | Villager (Male) |
| 6:27 | Crear | Villager (Male) |
| 6:27 | Crear | Villager (Male) |
| 6:28 | Crear | Villager (Male) |
| 6:40 | Crear | Villager (Male) |
| 6:40 | Crear | Villager (Male) |
| 6:43 | Crear | Villager (Male) |
| 7:44 | Construir | House |
| 7:45 | Construir | House |
| 8:14 | Construir | Mill |
| 8:46 | Crear | Villager (Male) |
| 8:46 | Crear | Villager (Male) |
| 9:15 | Investigar | Loom |
| 9:42 | Crear | Villager (Male) |
| 10:07 | Investigar | Feudal Age |
| 10:24 | Construir | Barracks |
| 10:55 | Crear | Villager (Male) |
| 10:56 | Crear | Villager (Male) |
| 11:21 | Construir | Mining Camp |
| 12:17 | Edad | Edad Feudal |
| 12:20 | Crear | Villager (Male) |
| 12:30 | Construir | Market |
| 13:18 | Construir | Stable |
| 13:26 | Crear | Villager (Male) |
| 13:26 | Crear | Villager (Male) |
| 14:40 | Investigar | Castle Age |
| 15:19 | Construir | Stable |
| 15:38 | Investigar | Bloodlines |
| 17:20 | Edad | Edad de los Castillos |
| 17:27 | Crear | Knight ×3 |
| 17:27 | Crear | Knight ×3 |
| 17:37 | Crear | Knight ×2 |
| 17:37 | Crear | Knight ×2 |
| 17:50 | Crear | Villager (Male) |
| 17:51 | Crear | Villager (Male) |
| 17:51 | Crear | Villager (Male) |
| 18:13 | Crear | Knight |
| 19:01 | Investigar | Husbandry |
| 19:29 | Construir | Town Center |
| 19:57 | Crear | Villager (Male) |
| 19:57 | Crear | Villager (Male) |
| 19:57 | Crear | Villager (Male) |
| 20:14 | Crear | Villager (Male) |
| 20:20 | Crear | Villager (Male) |
| 20:20 | Crear | Villager (Male) |
| 20:20 | Crear | Villager (Male) |
| 20:27 | Crear | Villager (Male) |
| 21:22 | Construir | House |
| 21:22 | Construir | House |
| 21:46 | Crear | Knight |
| 21:47 | Crear | Knight |
| 22:35 | Construir | Town Center |
| 22:38 | Crear | Villager (Male) |
| 23:14 | Construir | Blacksmith |
| 23:25 | Crear | Villager (Male) |
| 24:19 | Crear | Villager (Male) |
| 24:20 | Crear | Villager (Male) |
| 24:20 | Crear | Villager (Male) |
| 24:20 | Crear | Villager (Male) |
| 24:26 | Construir | Siege Workshop |
| 24:40 | Crear | Villager (Male) |
| 25:24 | Crear | Villager (Male) |
| 25:25 | Crear | Villager (Male) |
| 25:25 | Crear | Villager (Male) |
| 25:25 | Crear | Villager (Male) |
| 25:38 | Crear | Mangonel |
| 25:38 | Crear | Mangonel |
| 25:39 | Crear | Villager (Male) |
| 25:44 | Crear | Villager (Male) |
| 25:45 | Crear | Villager (Male) |
| 25:45 | Crear | Villager (Male) |
| 25:51 | Crear | Villager (Male) |
| 25:51 | Crear | Villager (Male) |
| 25:51 | Crear | Villager (Male) |
| 26:06 | Crear | Villager (Male) |
| 26:19 | Crear | Knight ×2 |
| 26:38 | Construir | House |
| 26:38 | Construir | House |
| 26:39 | Construir | House |
| 26:40 | Construir | House |
| 26:40 | Construir | House |
| 26:40 | Construir | House |
| 26:40 | Construir | House |
| 26:41 | Construir | House |
| 26:50 | Crear | Villager (Male) |
| 26:50 | Crear | Villager (Male) |
| 26:50 | Crear | Villager (Male) |
| 27:04 | Construir | Town Center |
| 27:18 | Crear | Villager (Male) |
| 27:18 | Crear | Villager (Male) |
| 27:18 | Crear | Villager (Male) |
| 27:33 | Crear | Villager (Male) |
| 27:33 | Crear | Villager (Male) |
| 27:56 | Crear | Villager (Male) |
| 27:56 | Crear | Villager (Male) |
| 28:10 | Construir | Farm |
| 28:10 | Construir | Farm |
| 28:11 | Construir | Farm |
| 28:11 | Construir | Farm |
| 28:11 | Construir | Farm |
| 28:11 | Construir | Farm |
| 28:11 | Construir | Farm |
| 28:12 | Construir | Farm |
| 28:12 | Construir | Farm |
| 28:12 | Construir | Farm |
| 29:02 | Crear | Scorpion |
| 29:02 | Crear | Scorpion |
| 29:05 | Crear | Villager (Male) |
| 29:05 | Crear | Villager (Male) |
| 29:31 | Crear | Villager (Male) |
Build order — CH1ll3n
104 acciones detectadas en el replay
| 2:14 | Construir | Town Center |
| 4:30 | Construir | House |
| 4:42 | Crear | Villager (Male) |
| 4:42 | Crear | Villager (Male) |
| 4:50 | Crear | Villager (Male) |
| 4:50 | Crear | Villager (Male) |
| 5:07 | Crear | Villager (Male) |
| 5:07 | Crear | Villager (Male) |
| 5:48 | Crear | Villager (Male) |
| 6:24 | Construir | House |
| 6:46 | Crear | Villager (Male) |
| 6:57 | Crear | Villager (Male) |
| 7:30 | Crear | Villager (Male) |
| 8:29 | Crear | Villager (Male) |
| 8:29 | Crear | Villager (Male) |
| 8:53 | Crear | Villager (Male) |
| 8:54 | Crear | Villager (Male) |
| 9:01 | Construir | Mill |
| 9:07 | Crear | Villager (Male) |
| 9:15 | Construir | House |
| 9:30 | Investigar | Loom |
| 9:31 | Crear | Villager (Male) |
| 9:45 | Crear | Villager (Male) |
| 10:41 | Crear | Villager (Male) |
| 10:41 | Crear | Villager (Male) |
| 10:56 | Crear | Villager (Male) |
| 11:27 | Construir | House |
| 11:34 | Crear | Villager (Male) |
| 12:14 | Construir | Lumber Camp |
| 12:23 | Crear | Villager (Male) |
| 12:59 | Investigar | Feudal Age |
| 13:22 | Crear | Villager (Male) |
| 14:23 | Construir | House |
| 14:46 | Construir | Barracks |
| 15:03 | Edad | Edad Feudal |
| 15:04 | Crear | Villager (Male) |
| 15:05 | Crear | Villager (Male) |
| 15:12 | Investigar | Horse Collar |
| 15:29 | Construir | House |
| 15:47 | Construir | Farm |
| 15:48 | Construir | Farm |
| 15:50 | Construir | Farm |
| 15:52 | Construir | Farm |
| 16:07 | Construir | Stable |
| 16:24 | Crear | Villager (Male) |
| 16:24 | Crear | Villager (Male) |
| 16:32 | Construir | Farm |
| 16:36 | Crear | Villager (Male) |
| 16:50 | Construir | House |
| 16:53 | Crear | Scout Cavalry |
| 16:53 | Crear | Scout Cavalry |
| 16:57 | Investigar | Double-Bit Axe |
| 17:03 | Crear | Villager (Male) |
| 17:12 | Construir | Farm |
| 17:36 | Construir | Blacksmith |
| 17:59 | Construir | Mining Camp |
| 18:32 | Construir | House |
| 18:33 | Construir | House |
| 18:45 | Crear | Villager (Male) |
| 18:46 | Crear | Villager (Male) |
| 19:31 | Construir | Farm |
| 19:32 | Construir | Farm |
| 19:33 | Construir | Farm |
| 19:36 | Construir | Farm |
| 19:41 | Crear | Villager (Male) |
| 19:42 | Crear | Villager (Male) |
| 19:47 | Crear | Villager (Male) |
| 20:14 | Construir | Palisade Gate |
| 20:44 | Construir | Farm |
| 20:47 | Construir | Farm |
| 21:26 | Construir | Stable |
| 21:43 | Construir | Farm |
| 21:59 | Crear | Villager (Male) |
| 22:00 | Crear | Villager (Male) |
| 23:01 | Investigar | Castle Age |
| 24:08 | Construir | House |
| 24:38 | Investigar | Bloodlines |
| 24:47 | Investigar | Scale Barding Armor |
| 25:27 | Edad | Edad de los Castillos |
| 25:36 | Investigar | Husbandry |
| 25:58 | Crear | Camel Scout |
| 25:58 | Crear | Camel Scout |
| 26:10 | Construir | Mill |
| 26:16 | Construir | House |
| 26:38 | Construir | Farm |
| 26:39 | Construir | Farm |
| 26:40 | Construir | Farm |
| 26:43 | Construir | Farm |
| 26:46 | Construir | Farm |
| 26:48 | Construir | Farm |
| 26:49 | Construir | Farm |
| 26:54 | Construir | Farm |
| 26:56 | Construir | Farm |
| 26:57 | Construir | Farm |
| 26:59 | Construir | Farm |
| 27:16 | Crear | Villager (Male) |
| 27:16 | Crear | Villager (Male) |
| 27:50 | Crear | Camel Scout |
| 27:50 | Crear | Camel Scout |
| 27:51 | Crear | Camel Scout |
| 28:12 | Construir | House |
| 28:21 | Crear | Villager (Male) |
| 28:21 | Crear | Villager (Male) |
| 28:50 | Crear | Camel Scout |
Build order — MRathS
138 acciones detectadas en el replay
| 0:07 | Construir | Town Center |
| 1:57 | Construir | House |
| 2:10 | Crear | Villager (Male) |
| 2:10 | Crear | Villager (Male) |
| 2:10 | Crear | Villager (Male) |
| 2:10 | Crear | Villager (Male) |
| 2:11 | Crear | Villager (Male) |
| 3:06 | Crear | Villager (Male) |
| 3:06 | Crear | Villager (Male) |
| 3:34 | Crear | Villager (Male) |
| 3:34 | Crear | Villager (Male) |
| 3:39 | Construir | House |
| 4:16 | Crear | Villager (Male) |
| 4:44 | Crear | Villager (Male) |
| 5:33 | Crear | Villager (Male) |
| 5:35 | Crear | Villager (Male) |
| 5:39 | Crear | Villager (Male) |
| 6:22 | Crear | Villager (Male) |
| 6:35 | Construir | House |
| 6:43 | Construir | Lumber Camp |
| 6:47 | Crear | Villager (Male) |
| 7:14 | Construir | House |
| 7:27 | Construir | House |
| 7:44 | Crear | Villager (Male) |
| 7:48 | Crear | Villager (Male) |
| 8:13 | Construir | House |
| 8:29 | Crear | Villager (Male) |
| 8:57 | Construir | House |
| 9:12 | Crear | Villager (Male) |
| 9:26 | Crear | Villager (Male) |
| 9:33 | Construir | Mill |
| 9:39 | Construir | House |
| 9:41 | Crear | Villager (Male) |
| 10:04 | Crear | Villager (Male) |
| 10:22 | Investigar | Feudal Age |
| 10:38 | Construir | Barracks |
| 11:22 | Construir | Palisade Wall |
| 11:46 | Crear | Villager (Male) |
| 11:46 | Crear | Villager (Male) |
| 12:06 | Construir | House |
| 12:39 | Edad | Edad Feudal |
| 12:42 | Construir | Stable |
| 12:45 | Construir | House |
| 12:48 | Investigar | Double-Bit Axe |
| 12:50 | Crear | Villager (Male) |
| 13:24 | Construir | Pasture |
| 13:28 | Construir | Pasture |
| 13:33 | Crear | Villager (Male) |
| 13:34 | Crear | Villager (Male) |
| 13:36 | Crear | Scout Cavalry |
| 13:36 | Crear | Scout Cavalry |
| 13:40 | Construir | House |
| 13:54 | Construir | Palisade Gate |
| 14:00 | Construir | Palisade Gate |
| 14:07 | Crear | Villager (Male) |
| 14:18 | Crear | Scout Cavalry |
| 14:27 | Construir | Blacksmith |
| 14:29 | Crear | Villager (Male) |
| 14:54 | Crear | Scout Cavalry |
| 15:28 | Crear | Scout Cavalry |
| 15:32 | Construir | House |
| 15:36 | Construir | House |
| 15:48 | Construir | Pasture |
| 15:54 | Construir | Pasture |
| 16:01 | Construir | Mining Camp |
| 16:11 | Construir | Pasture |
| 16:36 | Crear | Spearman |
| 16:36 | Crear | Spearman |
| 16:38 | Crear | Villager (Male) |
| 16:38 | Crear | Villager (Male) |
| 16:51 | Investigar | Loom |
| 17:41 | Crear | Villager (Male) |
| 17:58 | Crear | Villager (Male) |
| 18:02 | Construir | Pasture |
| 18:05 | Construir | House |
| 18:09 | Construir | House |
| 18:21 | Crear | Spearman |
| 18:21 | Crear | Spearman |
| 19:20 | Crear | Villager (Male) |
| 19:25 | Construir | Pasture |
| 20:06 | Construir | Palisade Wall |
| 20:09 | Construir | Palisade Wall |
| 20:13 | Construir | Palisade Gate |
| 20:14 | Crear | Villager (Male) |
| 20:16 | Construir | Pasture |
| 20:21 | Crear | Villager (Male) |
| 20:54 | Crear | Villager (Male) |
| 21:06 | Construir | Mining Camp |
| 21:31 | Construir | Market |
| 21:36 | Crear | Villager (Male) |
| 21:52 | Investigar | Castle Age |
| 22:17 | Crear | Scout Cavalry |
| 22:17 | Crear | Scout Cavalry |
| 22:17 | Crear | Scout Cavalry |
| 22:50 | Construir | Archery Range |
| 22:52 | Construir | Archery Range |
| 23:09 | Crear | Scout Cavalry |
| 23:10 | Crear | Scout Cavalry |
| 23:19 | Investigar | Fletching |
| 23:48 | Investigar | Tech 1014 |
| 23:51 | Investigar | Gold Mining |
| 23:59 | Investigar | Padded Archer Armor |
| 24:41 | Edad | Edad de los Castillos |
| 24:44 | Crear | Cavalry Archer |
| 24:45 | Crear | Cavalry Archer |
| 24:45 | Crear | Cavalry Archer |
| 24:45 | Crear | Cavalry Archer |
| 24:49 | Crear | Villager (Male) |
| 24:49 | Crear | Villager (Male) |
| 25:02 | Construir | Town Center |
| 25:06 | Crear | Villager (Male) |
| 25:06 | Crear | Villager (Male) |
| 25:56 | Crear | Cavalry Archer |
| 25:56 | Crear | Cavalry Archer |
| 25:56 | Crear | Cavalry Archer |
| 25:57 | Crear | Cavalry Archer |
| 25:57 | Crear | Cavalry Archer |
| 25:57 | Crear | Cavalry Archer |
| 25:57 | Crear | Cavalry Archer |
| 26:18 | Crear | Scout Cavalry |
| 26:18 | Crear | Scout Cavalry |
| 26:28 | Crear | Cavalry Archer |
| 26:28 | Crear | Cavalry Archer |
| 26:42 | Crear | Villager (Male) |
| 26:42 | Crear | Villager (Male) |
| 27:06 | Investigar | Bodkin Arrow |
| 27:50 | Investigar | Thumb Ring |
| 27:53 | Investigar | Leather Archer Armor |
| 28:00 | Crear | Villager (Male) |
| 28:09 | Construir | Pasture |
| 29:00 | Crear | Villager (Male) |
| 29:00 | Crear | Villager (Male) |
| 29:01 | Crear | Villager (Male) |
| 29:04 | Crear | Cavalry Archer |
| 29:04 | Crear | Cavalry Archer |
| 29:04 | Crear | Cavalry Archer |
| 29:05 | Crear | Cavalry Archer |
| 29:59 | Construir | Pasture |
Build order — francorigano2222
107 acciones detectadas en el replay
| 0:28 | Construir | Town Center |
| 2:37 | Crear | Villager (Male) |
| 2:37 | Crear | Villager (Male) |
| 3:16 | Construir | House |
| 3:20 | Crear | Villager (Male) |
| 3:54 | Crear | Villager (Male) |
| 4:06 | Crear | Villager (Male) |
| 4:39 | Crear | Villager (Male) |
| 5:15 | Crear | Villager (Male) |
| 5:26 | Construir | House |
| 6:08 | Crear | Villager (Male) |
| 6:37 | Crear | Villager (Male) |
| 6:55 | Crear | Villager (Male) |
| 7:10 | Construir | House |
| 7:34 | Crear | Villager (Male) |
| 7:44 | Crear | Villager (Male) |
| 8:22 | Crear | Villager (Male) |
| 8:35 | Construir | Barracks |
| 8:42 | Crear | Villager (Male) |
| 8:58 | Crear | Villager (Male) |
| 9:54 | Construir | House |
| 9:55 | Crear | Villager (Male) |
| 10:30 | Construir | Mill |
| 10:37 | Crear | Villager (Male) |
| 10:48 | Construir | Lumber Camp |
| 11:00 | Crear | Villager (Male) |
| 11:46 | Investigar | Feudal Age |
| 12:11 | Crear | Villager (Male) |
| 12:11 | Crear | Villager (Male) |
| 13:04 | Edad | Edad Feudal |
| 13:10 | Construir | Stable |
| 13:41 | Construir | Farm |
| 13:50 | Crear | Scout Cavalry |
| 13:51 | Crear | Scout Cavalry |
| 13:52 | Crear | Scout Cavalry |
| 13:55 | Crear | Villager (Male) |
| 14:08 | Construir | House |
| 14:26 | Construir | House |
| 14:32 | Construir | House |
| 15:03 | Crear | Villager (Male) |
| 15:04 | Crear | Villager (Male) |
| 15:09 | Crear | Scout Cavalry |
| 15:27 | Crear | Scout Cavalry |
| 15:39 | Crear | Villager (Male) |
| 15:42 | Crear | Scout Cavalry |
| 16:23 | Crear | Villager (Male) |
| 16:24 | Crear | Villager (Male) |
| 16:27 | Construir | Farm |
| 16:32 | Crear | Villager (Male) |
| 16:36 | Crear | Scout Cavalry |
| 17:19 | Crear | Scout Cavalry ×5 |
| 17:38 | Investigar | Loom |
| 19:10 | Crear | Villager (Male) |
| 19:16 | Construir | Farm |
| 19:17 | Construir | Farm |
| 19:22 | Construir | Farm |
| 19:32 | Construir | Farm |
| 19:32 | Construir | Farm |
| 19:33 | Construir | Farm |
| 19:33 | Construir | Farm |
| 19:33 | Construir | Farm |
| 19:50 | Crear | Villager (Male) |
| 19:50 | Crear | Villager (Male) |
| 20:09 | Crear | Spearman |
| 21:22 | Crear | Spearman |
| 21:25 | Crear | Villager (Male) |
| 21:26 | Crear | Villager (Male) |
| 22:00 | Crear | Spearman |
| 22:01 | Crear | Villager (Male) |
| 22:28 | Crear | Villager (Male) |
| 22:30 | Crear | Spearman |
| 22:56 | Construir | Palisade Wall |
| 23:12 | Construir | Blacksmith |
| 23:15 | Crear | Villager (Male) |
| 23:16 | Crear | Villager (Male) |
| 23:35 | Construir | Farm |
| 23:41 | Construir | Farm |
| 23:49 | Construir | House |
| 23:59 | Construir | House |
| 24:25 | Construir | Palisade Wall |
| 24:37 | Construir | Palisade Wall |
| 24:45 | Construir | Palisade Wall |
| 24:51 | Crear | Villager (Male) |
| 24:51 | Crear | Villager (Male) |
| 24:55 | Crear | Spearman |
| 25:14 | Construir | House |
| 25:24 | Construir | Farm |
| 25:24 | Construir | Farm |
| 26:21 | Construir | Palisade Wall |
| 26:33 | Construir | Palisade Wall |
| 26:39 | Construir | House |
| 26:43 | Crear | Villager (Male) |
| 26:44 | Crear | Villager (Male) |
| 26:45 | Crear | Villager (Male) |
| 26:49 | Crear | Spearman |
| 27:03 | Construir | Mining Camp |
| 27:12 | Construir | Watch Tower |
| 27:29 | Construir | Farm |
| 27:53 | Construir | Archery Range |
| 28:03 | Investigar | Wheelbarrow |
| 28:19 | Construir | Archery Range |
| 28:46 | Crear | Skirmisher |
| 28:46 | Crear | Skirmisher |
| 28:46 | Crear | Skirmisher |
| 29:14 | Construir | Farm |
| 29:32 | Crear | Skirmisher |
| 29:32 | Crear | Skirmisher |
Cronología de la partida
| 8:35 | francorigano2222 · first_building Barracks |
| 10:24 | Vlad_Dracula · first_building Barracks |
| 10:38 | MRathS · first_building Barracks |
| 11:22 | MRathS · wall_segment Palisade Wall x4 |
| 12:17 | Vlad_Dracula · age_up feudal |
| 12:39 | MRathS · age_up feudal |
| 12:42 | MRathS · first_building Stable |
| 13:04 | francorigano2222 · age_up feudal |
| 13:10 | francorigano2222 · first_building Stable |
| 13:18 | Vlad_Dracula · first_building Stable |
| 13:53 | Vlad_Dracula · first_market_sell 100 wood |
| 14:14 | Vlad_Dracula · first_market_buy 100 food |
| 14:46 | CH1ll3n · first_building Barracks |
| 15:03 | CH1ll3n · age_up feudal |
| 16:07 | CH1ll3n · first_building Stable |
| 17:20 | Vlad_Dracula · age_up castle |
| 20:06 | MRathS · wall_segment Palisade Wall x4 |
| 20:09 | MRathS · wall_segment Palisade Wall x2 |
| 22:50 | MRathS · first_building Archery Range |
| 22:56 | francorigano2222 · wall_segment Palisade Wall x7 |
| 24:25 | francorigano2222 · wall_segment Palisade Wall x1 |
| 24:26 | Vlad_Dracula · first_building Siege Workshop |
| 24:37 | francorigano2222 · wall_segment Palisade Wall x6 |
| 24:41 | MRathS · age_up castle |
| 24:45 | francorigano2222 · wall_segment Palisade Wall x3 |
| 25:27 | CH1ll3n · age_up castle |
| 26:21 | francorigano2222 · wall_segment Palisade Wall x7 |
| 26:33 | francorigano2222 · wall_segment Palisade Wall x16 |
| 27:53 | francorigano2222 · first_building Archery Range |
| 29:58 | CH1ll3n · resign |
[ ANÁLISIS IA · 1 CRÉDITO ]
¿Qué pasó realmente en esta partida?
Wolo.gg analiza cada decisión: build order, eco, micro, errores típicos por bracket. Análisis personalizado por WhatsApp o Discord en 30 segundos.
Guía civ
Polacos
Perfil
Jugador #2485086